 Dungeon Crawl Stone Soup version 0.20.1-1-g8b1a95d (webtiles) character file.

761 Fman the Skirmisher (level 7, -3/55 HPs)
             Began as a Demonspawn Abyssal Knight on Sept 23, 2017.
             Was a Believer of Lugonu.
             Slain by a gnoll
             ... wielding a +0 spear
              (6 damage)
             ... on level 6 of the Dungeon.
             The game lasted 00:24:17 (4080 turns).

Fman the Skirmisher (Demonspawn Abyssal Knight)     Turns: 4080, Time: 00:24:17

Health: -3/55      AC:  9    Str: 13    XL:     7   Next: 51%
Magic:  0/9        EV:  9    Int: 13    God:    Lugonu [**....]
Gold:   115        SH:  0    Dex: 14    Spells: 6/6 levels left

rFire    . . .     SeeInvis .   a - +1 hand axe
rCold    + . .     Gourm    .   (no shield)
rNeg     . . .     Faith    .   h - +0 scale mail
rPois    .         Spirit   +   (helmet restricted)
rElec    .         Reflect  .   (no cloak)
rCorr    .         Harm     .   k - +0 pair of gloves
MR       .....                  (no boots)
Stlth    +.........             l - amulet of guardian spirit
Regen    0.2/turn               i - ring of wizardry
MPRegen  0.2/turn               (no ring)

@: heavily drained
A: horns 2, thin metallic scales 1, cold resistance 1
a: Depart the Abyss, Bend Space, Renounce Religion


You were on level 6 of the Dungeon.
You worshipped Lugonu.
Lugonu was pleased with you.
You were not hungry.

You visited 1 branch of the dungeon, and saw 6 of its levels.
You visited the Abyss 1 time.

You collected 241 gold pieces.
You spent 126 gold pieces at shops.

Inventory:

Hand Weapons
 a - a +1 hand axe (weapon)
Missiles
 b - 52 arrows (quivered)
 e - 13 bolts
Armour
 h - a +0 scale mail (worn)
 k - a +0 pair of gloves (worn)
Jewellery
 i - a ring of wizardry (left hand)
 l - an amulet of guardian spirit (around neck)
Scrolls
 f - a scroll of identify
 j - a scroll of magic mapping
 n - a scroll of remove curse
Potions
 c - a potion of haste
 g - 3 potions of curing
Comestibles
 d - a meat ration
 m - 8 fruits


   Skills:
 + Level 4.5(3.1) Fighting
 + Level 4.2(2.8) Axes
 + Level 3.8(2.4) Armour
 * Level 3.0(1.7) Dodging
 * Level 3.2(1.9) Stealth
 + Level 2.8(1.5) Invocations


You had 6 spell levels left.
You didn't know any spells.

Dungeon Overview and Level Annotations

Branches:
Dungeon (6/15)
 Temple: D:4-7

Altars:
Cheibriados
Gozag
Sif Muna
Yredelemnul

Shops:
D:5 !


Innate Abilities, Weirdness & Mutations

You have a pair of horns on your head.
You are partially covered in thin metallic scales. (AC +2)
Your flesh is cold resistant. (rC+)


Message History

Unknown command.
You hit the wight but do no damage.
The wight is moderately damaged.
The wight hits you from afar with a trident of freezing!
* * * LOW HITPOINT WARNING * * *
The gnoll hits you from afar with a spear.
* * * LOW HITPOINT WARNING * * *
The wight hits you with a falchion.
* * * LOW HITPOINT WARNING * * *
You feel drained.
* * * LOW HITPOINT WARNING * * *
You closely miss the wight.
You headbutt the wight, but do no damage.
The wight is moderately damaged.
The wight hits you from afar with a trident of freezing.
* * * LOW HITPOINT WARNING * * *
You feel drained. The wight freezes you.
* * * LOW HITPOINT WARNING * * *
The gnoll hits you from afar with a spear!
You die...

#.....##. #.......
#...... .....#
###############....###..
....#.....#... zz#.....
............####z..#
............#...@######.
.<............##)......#
............#####g".....
............# g......
............# .......
...........## .......
....#....)## .......
########### .......
.......


You could see 3 wights and 2 gnolls.

Vanquished Creatures
  Menkaure (D:4)
  Edmund (D:4)
  A sky beast (D:6)
  2 ice beasts
  A bullfrog (D:5)
  A water moccasin skeleton (D:4)
  Robin (D:4)
  4 adders
  An ooze (D:3)
  A worm (D:2)
  A dart slug (D:2)
  A leopard gecko (D:5)
  9 orcs
  3 ball pythons
  7 bats
  5 giant cockroaches
  9 goblins
  8 hobgoblins
  2 jackals (D:4)
  A quokka (D:2)
  5 frilled lizards
  12 kobolds
  11 rats
88 creatures vanquished.

Notes
Turn   | Place    | Note
-------+----------+-------------------------------------------
     0 | Abyss:1  | Fman the Demonspawn Abyssal Knight began the quest for the Orb.
     0 | Abyss:1  | Reached XP level 1. HP: 18/18 MP: 2/2
    83 | Abyss:1  | Noticed a starcursed mass
    84 | D:1      | Escaped the Abyss
    92 | D:1      | Noticed a black bear
    92 | D:1      | Noticed a rime drake
    92 | D:1      | Noticed a komodo dragon
    94 | D:1      | Reached skill level 1 in Dodging
   229 | D:1      | Reached * piety under Lugonu
   229 | D:1      | Gained mutation: You are partially covered in thin metallic scales. (AC +2) [demonic ancestry]
   229 | D:1      | Reached XP level 2. HP: 13/24 MP: 3/3
   748 | D:2      | Found a snail-covered altar of Cheibriados.
   943 | D:2      | Reached XP level 3. HP: 29/29 MP: 4/4
  1110 | D:2      | Found an opulent altar of Gozag.
  1111 | D:2      | Found a deep blue altar of Sif Muna.
  1323 | D:3      | Reached skill level 1 in Stealth
  1424 | D:3      | Found a basalt altar of Yredelemnul.
  1484 | D:3      | Gained mutation: You have a pair of small horns on your head. [demonic ancestry]
  1484 | D:3      | Reached XP level 4. HP: 31/35 MP: 5/5
  1915 | D:4      | Noticed Robin
  1920 | D:4      | Reached ** piety under Lugonu
  1932 | D:4      | Killed Robin
  1985 | D:4      | Noticed Menkaure
  2001 | D:4      | Killed Menkaure
  2001 | D:4      | Reached XP level 5. HP: 8/42 MP: 1/6
  2024 | D:4      | Noticed Edmund
  2288 | D:4      | Killed Edmund
  2288 | D:4      | Gained mutation: You have a pair of horns on your head. [demonic ancestry]
  2288 | D:4      | Reached XP level 6. HP: 10/48 MP: 1/7
  2857 | D:5      | Entered Level 5 of the Dungeon
  3021 | D:5      | Noticed an ice beast
  3047 | D:5      | Killed an ice beast
  3409 | D:5      | Gained mutation: Your flesh is cold resistant. (rC+) [demonic ancestry]
  3409 | D:5      | Reached XP level 7. HP: 48/54 MP: 7/9
  3441 | D:5      | Found Eloahar's Distillery.
  3444 | D:5      | Bought a potion of curing for 42 gold pieces
  3444 | D:5      | Bought a potion of curing for 42 gold pieces
  3444 | D:5      | Bought a potion of curing for 42 gold pieces
  4080 | D:6      | Slain by a gnoll

Skill      XL: |  1  2  3  4  5  6  7 |
---------------+----------------------+-----
Dodging        | 1 2 3 |  3.0
Axes           | 2 3 4 |  4.2
Armour         | 2 3 |  3.8
Stealth        | 1 2 3 |  3.2
Fighting       | 4 |  4.5
Invocations    | |  2.8

Action                   |  1- 3 |  4- 6 |  7- 9 || total
-------------------------+-------+-------+-------++-------
Melee: Hand axe          |   145 |   139 |    50 ||   334
       Headbutt          |       |    27 |    10 ||    37
Invok: Depart the Abyss  |     1 |       |       ||     1
       Bend Space        |       |     3 |       ||     3
Evoke: Wand              |       |     1 |       ||     1
  Use: Scroll            |     5 |     4 |       ||     9
       Potion            |     4 |     4 |       ||     8
  Eat: Bread ration      |     1 |       |       ||     1
       Royal jelly       |       |     1 |       ||     1
       Chunk             |       |     1 |       ||     1
       Meat ration       |       |       |     1 ||     1
       Fruit             |       |       |     1 ||     1
Armor: Leather armour    |    18 |       |       ||    18
       Chain mail        |   100 |     9 |       ||   109
       Scale mail        |       |    58 |    34 ||    92
Dodge: Dodged            |   102 |    58 |    23 ||   183
